 Dungeon Crawl Stone Soup version 0.31-a0-167-g1c394c0614 (webtiles) character file.

Game seed: 11080158041432699401

364 qw the Shooter (level 6, -1/57 HPs)
             Began as a Naga Hunter on June 14, 2023.
             Was an Initiate of Okawaru.
             Slain by Edmund
             ... wielding a +2 heavy flail
              (20 damage)
             ... on level 4 of the Dungeon.
             The game lasted 00:01:05 (2936 turns).

qw the Shooter (Naga Hunter)                        Turns: 2936, Time: 00:01:05

Health: -1/57      AC:  3    Str: 13    XL:     6   Next: 67%
Magic:  7/7        EV:  9    Int: 10    God:    Okawaru [......]
Gold:   160        SH:  0    Dex: 16    Spells: 5/5 levels left

rFire   . . .        Y - +0 shortbow
rCold   . . .        (shield currently unavailable)
rNeg    . . .        c - +0 leather armour
rPois   +            (no helmet)
rElec   .            (no cloak)
rCorr   .            (no gloves)
SInv    +            (no barding)
Will    .....        g - amulet of faith
Stlth   ++           (no ring)
HPRegen 0.29/turn    (no ring)
MPRegen 0.10/turn

%: faith
@: short of breath, very slow
A: AC +2, large, see invisible, deformed body, poison resistance, slowness 2,
spit poison 1, naga tail 1
a: Spit Poison, Renounce Religion


You were on level 4 of the Dungeon.
You worshipped Okawaru.
Okawaru was noncommittal.
You visited 1 branch of the dungeon, and saw 4 of its levels.

You collected 160 gold pieces.


Innate Abilities, Weirdness & Mutations

Your serpentine skin is tough. (AC +2)
You have supernaturally acute eyesight. (SInv)
Armour fits poorly on your strangely shaped body.
Your system is resistant to poisons. (rPois)
You cover ground very slowly.
You can spit poison.
You have a snake-like lower body.


   Skills:
 - Level 4.0 Fighting
 + Level 6.0 Ranged Weapons
 - Level 1.5 Dodging
 - Level 1.5 Stealth
 - Level 1.8 Invocations


You had 5 spell levels left.
You didn't know any spells.
Your spell library was empty.

Inventory:

Hand Weapons
 Y - a +0 shortbow (weapon)
Armour
 c - a +0 leather armour (worn)
Jewellery
 g - an amulet of faith (around neck)
Scrolls
 e - a scroll of poison {unknown}
 i - a scroll of blinking {unknown}
 j - a scroll of identify
Potions
 a - a potion of curing {unknown}
 b - a potion of degeneration {unknown}
 d - a potion of cancellation {unknown}
 f - a potion of haste
 h - 3 potions of enlightenment {unknown}

Dungeon Overview and Level Annotations

Branches:
Dungeon (4/15)
 Temple: D:4-7

Altars:
Hepliaklqana
Okawaru
Wu Jian

Shops:
D:4 =

Annotations:
D:3 1 runed translucent door, Crazy Yiuf
D:4 Edmund


Message History

There is a stone staircase leading up here.
Edmund the Younger comes into view.
He is wielding a +2 heavy flail.
Edmund shouts!
Enter note:
Enter note:
Enter note:
Enter note:
Enter note:
Enter note:
2929 ||| INVOKING Spit Poison.
Aiming: Spit Poison (1% risk of failure)
Press: ? - help, Shift-Dir - straight line, f - Edmund The splash of poison misses Edmund.
Edmund hits you with a +2 heavy flail!
You shoot an arrow.
The arrow hits Edmund but does no damage.
Edmund hits you with a +2 heavy flail!
You shoot an arrow. The arrow hits Edmund.
Edmund is lightly wounded.
You shoot an arrow.
The arrow hits Edmund but does no damage.
Edmund is lightly wounded.
Edmund barely misses you.
You shoot an arrow. The arrow barely misses Edmund.
You have got your breath back.
Edmund hits you with a +2 heavy flail!
2934 ||| INVOKING Spit Poison.
Aiming: Spit Poison (1% risk of failure)
Press: ? - help, Shift-Dir - straight line, f/p - Edmund The splash of poison hits Edmund.
Edmund is poisoned.
Edmund is lightly wounded.
Edmund gestures with his flail.
Edmund hits you with a +2 heavy flail.
You shoot an arrow.
The arrow hits Edmund but does no damage.
Edmund is lightly wounded.
You shoot an arrow. The arrow hits Edmund.
Edmund is moderately wounded.
Edmund hits you with a +2 heavy flail!!
You die...

#.#####......:...##
..........###+#..##
#..)....%.~.~...#
##.#....#~~.~~#.#
#.#.##.'.(\..'.# #.
###~~.~~### #.
##~.~##
#.######+###
#.....@....#
#####@####.# #. #.#
#. #.# #.# #.# #.#
#.# #.# #.# #.# #.#
#.# #.#


You could see Edmund (poisoned).

Vanquished Creatures
  An ogre (D:4)
  2 hounds (D:4)
  2 iguanas (D:4)
  3 gnolls (D:4)
  8 adders
  A worm (D:2)
  A dart slug (D:3)
  2 orcs (D:3)
  5 endoplasms
  A giant cockroach (D:3)
  4 goblins (D:1)
  10 hobgoblins
  4 jackals (D:3)
  3 quokkas
  6 ball pythons
  4 bats
  3 frilled lizards
  5 kobolds
  7 rats
72 creatures vanquished.

Notes
Turn   | Place    | Note
-------+----------+-------------------------------------------
     0 | D:1      | qw the Naga Hunter began the quest for the Orb.
     0 | D:1      | Reached XP level 1. HP: 19/19 MP: 1/1
     0 | D:1      | 0 ||| qw: Version: 0.2-a-29-g1fa15c8
     0 | D:1      | 0 ||| qw: Game counter: 5003
     0 | D:1      | 0 ||| qw: Always use a shield: true
     0 | D:1      | 0 ||| qw: God list: Okawaru
     0 | D:1      | 0 ||| qw: Allow faded altars: false
     0 | D:1      | 0 ||| qw: Do Orc after D:15 true
     0 | D:1      | 0 ||| qw: Do second Lair branch before Depths: true
     0 | D:1      | 0 ||| qw: Lair rune preference: random
     0 | D:1      | 0 ||| qw: Plans: Normal
     0 | D:1      | 0 ||| PLANNING D:1-11
    20 | D:1      | 20 ||| INVOKING Spit Poison.
    23 | D:1      | 23 ||| INVOKING Spit Poison.
    56 | D:1      | 56 ||| INVOKING Spit Poison.
   146 | D:1      | 146 ||| INVOKING Spit Poison.
   168 | D:1      | 168 ||| INVOKING Spit Poison.
   248 | D:1      | 248 ||| INVOKING Spit Poison.
   265 | D:1      | 265 ||| INVOKING Spit Poison.
   266 | D:1      | Reached skill level 4 in Ranged Weapons
   266 | D:1      | Reached XP level 2. HP: 26/26 MP: 2/2
   345 | D:1      | 345 ||| INVOKING Spit Poison.
   461 | D:1      | 461 ||| INVOKING Spit Poison.
   500 | D:1      | 500 ||| INVOKING Spit Poison.
   602 | D:1      | 602 ||| INVOKING Spit Poison.
   618 | D:1      | 618 ||| READING scroll labelled PITWOGH OTIATEDY.
   619 | D:1      | 619 ||| READING scroll labelled HYANOCZI PANI.
   620 | D:1      | 620 ||| DROPPING scroll of butterflies.
   630 | D:2      | 630 ||| INVOKING Spit Poison.
   634 | D:2      | 634 ||| INVOKING Spit Poison.
   636 | D:2      | Reached XP level 3. HP: 25/32 MP: 3/3
   636 | D:2      | 636 ||| STAIRDANCE
   638 | D:1      | 638 ||| INVOKING Spit Poison.
   771 | D:2      | 771 ||| INVOKING Spit Poison.
   774 | D:2      | 774 ||| INVOKING Spit Poison.
   777 | D:2      | 777 ||| INVOKING Spit Poison.
   799 | D:2      | 799 ||| INVOKING Spit Poison.
   853 | D:2      | 853 ||| INVOKING Spit Poison.
   873 | D:2      | 873 ||| INVOKING Spit Poison.
   896 | D:2      | 896 ||| INVOKING Spit Poison.
   903 | D:2      | 903 ||| INVOKING Spit Poison.
   907 | D:2      | 907 ||| INVOKING Spit Poison.
   959 | D:2      | 959 ||| INVOKING Spit Poison.
  1017 | D:2      | 1017 ||| INVOKING Spit Poison.
  1132 | D:2      | 1132 ||| READING scroll labelled PIRUGU EXZAUN.
  1251 | D:3      | 1251 ||| INVOKING Spit Poison.
  1256 | D:3      | 1256 ||| INVOKING Spit Poison.
  1257 | D:3      | Reached skill level 5 in Ranged Weapons
  1260 | D:3      | Reached XP level 4. HP: 39/39 MP: 4/4
  1278 | D:3      | 1278 ||| INVOKING Spit Poison.
  1301 | D:3      | 1301 ||| INVOKING Spit Poison.
  1333 | D:3      | Found a hazy altar of Hepliaklqana.
  1345 | D:3      | 1345 ||| INVOKING Spit Poison.
  1367 | D:3      | Found an ornate altar of the Wu Jian Council.
  1369 | D:3      | 1369 ||| INVOKING Spit Poison.
  1375 | D:3      | 1375 ||| INVOKING Spit Poison.
  1381 | D:3      | 1381 ||| INVOKING Spit Poison.
  1382 | D:3      | 1382 ||| INVOKING Spit Poison.
  1433 | D:3      | 1433 ||| INVOKING Spit Poison.
  1472 | D:3      | Found a runed translucent door.
  1473 | D:3      | Noticed Crazy Yiuf
  1502 | D:3      | 1502 ||| INVOKING Spit Poison.
  1513 | D:3      | Found an iron altar of Okawaru.
  1514 | D:3      | 1514 ||| PLANNING OKAWARU WORSHIP
  1514 | D:3      | 1514 ||| INVOKING Spit Poison.
  1515 | D:3      | 1515 ||| UPGRADING to amulet of faith.
  1520 | D:3      | 1520 ||| READING scroll labelled KATE JENLOGI.
  1523 | D:3      | 1523 ||| INVOKING Spit Poison.
  1527 | D:3      | 1527 ||| INVOKING Spit Poison.
  1536 | D:3      | 1536 ||| DRINKING 2 metallic white potions.
  1538 | D:3      | 1538 ||| PLANNING D:1-11
  1544 | D:3      | 1544 ||| INVOKING Spit Poison.
  1548 | D:3      | 1548 ||| INVOKING Spit Poison.
  1603 | D:3      | 1603 ||| INVOKING Spit Poison.
  1606 | D:3      | 1606 ||| INVOKING Spit Poison.
  1613 | D:3      | 1613 ||| INVOKING Spit Poison.
  1614 | D:3      | Reached skill level 3 in Fighting
  1718 | D:3      | 1718 ||| INVOKING Spit Poison.
  1751 | D:3      | 1751 ||| PLANNING OKAWARU WORSHIP
  1761 | D:3      | Became a worshipper of Warmaster Okawaru
  1762 | D:3      | 1762 ||| PLANNING D:1-11
  1764 | D:3      | 1764 ||| INVOKING Spit Poison.
  1877 | D:3      | 1877 ||| INVOKING Spit Poison.
  1882 | D:3      | 1882 ||| INVOKING Spit Poison.
  1971 | D:3      | 1971 ||| READING scroll labelled GIARUH CAEBE.
  2079 | D:4      | 2079 ||| INVOKING Spit Poison.
  2084 | D:4      | 2084 ||| INVOKING Spit Poison.
  2086 | D:4      | Reached XP level 5. HP: 38/49 MP: 5/5
  2093 | D:4      | 2093 ||| FLEEEEING.
  2094 | D:4      | 2094 ||| STAIRDANCE
  2187 | D:4      | 2187 ||| INVOKING Spit Poison.
  2191 | D:4      | 2191 ||| INVOKING Spit Poison.
  2195 | D:4      | 2195 ||| INVOKING Spit Poison.
  2237 | D:4      | Noticed an ogre
  2238 | D:4      | 2238 ||| INVOKING Spit Poison.
  2243 | D:4      | 2243 ||| INVOKING Spit Poison.
  2244 | D:4      | Killed an ogre
  2244 | D:4      | Reached * piety under Okawaru
  2245 | D:4      | Reached skill level 6 in Ranged Weapons
  2245 | D:4      | Reached XP level 6. HP: 37/56 MP: 6/6
  2311 | D:4      | Identified the +6 hand axe "Ytidunuom" {heavy, rF+ rN+}
  2314 | D:4      | 2314 ||| INVOKING Spit Poison.
  2336 | D:4      | 2336 ||| INVOKING Spit Poison.
  2339 | D:4      | Reached skill level 1 in Invocations
  2356 | D:4      | 2356 ||| INVOKING Spit Poison.
  2383 | D:4      | 2383 ||| INVOKING Spit Poison.
  2389 | D:4      | 2389 ||| INVOKING Spit Poison.
  2451 | D:4      | 2451 ||| INVOKING Spit Poison.
  2467 | D:4      | Found Hocwytt's Jewellery Emporium.
  2468 | D:4      | 2468 ||| INVOKING Spit Poison.
  2471 | D:4      | 2471 ||| INVOKING Spit Poison.
  2473 | D:4      | 2473 ||| INVOKING Heroism.
  2591 | D:4      | 2591 ||| SHOPLISTING amulet of regeneration (390 gold, have
                  | 139).
  2591 | D:4      | 2591 ||| SHOPLISTING amulet of the acrobat (390 gold, have
                  | 139).
  2591 | D:4      | 2591 ||| SHOPLISTING ring of fire (325 gold, have 139).
  2649 | D:4      | 2649 ||| INVOKING Spit Poison.
  2821 | D:4      | 2821 ||| INVOKING Heroism.
  2822 | D:4      | 2822 ||| INVOKING Spit Poison.
  2826 | D:4      | 2826 ||| INVOKING Spit Poison.
  2834 | D:4      | 2834 ||| INVOKING Spit Poison.
  2835 | D:4      | 2835 ||| INVOKING Heroism.
  2928 | D:4      | Noticed Edmund
  2929 | D:4      | 2929 ||| INVOKING Spit Poison.
  2934 | D:4      | 2934 ||| INVOKING Spit Poison.
  2936 | D:4      | Slain by Edmund

Levels and vault maps discovered:
D:1:      saegor_arrival_under_anarchy, layout_loops_ring
D:2:      layout_rooms
D:3:      layout_rooms, lemuel_doored_altar, lemuel_tele_altar,
          nicolae_hepliaklqana_hazy_memory, uniq_crazy_yiuf_cottage
D:4:      layout_loops_ring, serial_shops, nicolae_shop_hallway_plus,
          uniq_edmund

Skill      XL: |  1  2  3  4  5  6 |
---------------+-------------------+-----
Ranged Weapons | 4 5 6 |  6.0
Fighting       | 3 4 |  4.0
Invocations    | 1 |  1.8
Dodging        | |  1.5
Stealth        | |  1.5

Action                     |  1- 3 |  4- 6 || total
---------------------------+-------+-------++-------
   Fire: Shortbow          |    59 |   107 ||   166
 Invoke: Heroism           |       |     3 ||     3
Ability: Spit Poison       |    27 |    41 ||    68
    Use: Scroll            |     3 |     2 ||     5
         Potion            |       |     1 ||     1
 Armour: Leather armour    |     5 |    14 ||    19
  Dodge: Dodged            |     9 |    25 ||    34

Table legend:
 A = Non-vault XP
 B = Vault XP
 C = Vault XP percentage of total XP
 D = Non-vault monster count
 E = Vault monster count
 F = Vault count percentage of total count
                 A         B        C        D         E       F
            +---------+---------+-------+---------+---------+-------
      Total |     520 |       0 |   0.0 |      72 |       0 |   0.0
            +---------+---------+-------+---------+---------+-------
        D:1 |      39 |       0 |   0.0 |      17 |       0 |   0.0
        D:2 |      38 |       0 |   0.0 |      15 |       0 |   0.0
        D:3 |      77 |       0 |   0.0 |      24 |       0 |   0.0
        D:4 |     366 |       0 |   0.0 |      16 |       0 |   0.0
            +---------+---------+-------+---------+---------+-------
